 Dungeon Crawl Stone Soup version 0.18-a0-486-gab6c0bd (webtiles) character file.

354 M4edhros the Sneak (level 6, -1/41 HPs)
             Began as an Octopode Artificer on Dec 2, 2015.
             Shot with an arrow by a centaur (11 damage)
             ... on level 5 of the Dungeon.
             The game lasted 00:04:13 (3322 turns).

M4edhros the Sneak (Octopode Artificer)             Turns: 3322, Time: 00:04:14

Health: -1/41      AC:  1    Str: 11    XL:     6   Next: 63%
Magic:  10/10      EV: 12    Int: 21    God:
Gold:   219        SH:  0    Dex: 12    Spells: 0 memorised, 5 levels left

rFire  . . .     SeeInvis .     o - +0 dagger (speed)
rCold  . . .     Clarity  +     (no shield)
rNeg   . . .     SustAt   .     (helmet restricted)
rPois  .         Gourm    .     (no amulet)
rElec  .         Spirit   .     g - ring of loudness (curse)
rCorr  .         Dismiss  .     k - +5 ring of intelligence
rMut   .         Stasis   .     l - ring of stealth
MR     .....                    (no ring)
Stlth  +++++.....               (no ring)
                                (no ring)
                                (no ring)
                                (no ring)

@: not resistant to hostile enchantments, quite stealthy
A: almost no armour, amphibious, 8 rings, constrict 8, camouflage 1, clarity,
robust 1, wild magic 1, gelatinous body 1
a: no special abilities


You were on level 5 of the Dungeon.
You were not hungry.

You visited 1 branch of the dungeon, and saw 5 of its levels.

You collected 249 gold pieces.
You spent 30 gold pieces at shops.

Inventory:

Hand Weapons
 a - a +0 short sword
 o - a +0 dagger of speed (weapon)
Missiles
 h - 55 stones (quivered)
 m - 21 sling bullets
Jewellery
 g - a cursed ring of loudness (left tentacle)
 k - a +5 ring of intelligence (right tentacle)
 l - a ring of stealth (on tentacle)
Wands
 b - a wand of flame (9)
 c - a wand of enslavement (13)
 d - a wand of random effects (6)
 i - a wand of disintegration (4)
 u - a wand of cold (6)
Scrolls
 f - 4 scrolls of identify
 p - 2 scrolls of recharging {unknown}
 q - 4 scrolls of teleportation {unknown}
 r - a scroll of noise {unknown}
 s - a scroll of fog {unknown}
 y - a scroll of remove curse {unknown}
Potions
 n - a potion of beneficial mutation {unknown}
 v - a potion of lignification {unknown}
 x - a potion of poison {unknown}
 z - a potion of cancellation {unknown}
 A - a potion of heal wounds
Books
 w - a Young Poisoner's Handbook

   Spells                             Type                      Level
   a - Sting                          Conjuration/Poison           1
   b - Cure Poison                    Poison                       2
   c - Mephitic Cloud                 Conjuration/Poison/Air       3
   d - Olgreb's Toxic Radiance        Poison                       4
   e - Venom Bolt                     Conjuration/Poison           5
Comestibles
 e - a bread ration
 j - 3 meat rations
 t - a beef jerky


   Skills:
 - Level 1.0 Fighting
 - Level 1.0 Short Blades
 - Level 2.0 Dodging
 + Level 6.7 Stealth
 + Level 6.0 Evocations


You had 5 spell levels left.
You didn't know any spells.

Dungeon Overview and Level Annotations

Branches:
Dungeon (5/15)
 Temple: D:4-7

Altars:
Cheibriados
Elyvilon
Fedhas
Kikubaaqudgha
Zin

Shops:
D:4 !


Innate Abilities, Weirdness & Mutations

You cannot wear most types of armour.
You are amphibious.
You can wear up to eight rings at the same time.
You can use your tentacles to constrict eight enemies at once.
Your skin changes colour to match your surroundings (Stealth).
Your rubbery body absorbs attacks (AC +1).
You possess an exceptional clarity of mind.
You are robust (+10% HP).
Your spells are a little harder to cast, but a little more powerful.


Message History

You see here an arrow.
You start resting.
Evoke which item? (* to show all) (? for menu, Esc to quit)
Zapping:
d - a wand of random effects (7)
Press: ? - help, Shift-Dir - straight line, f - centaur
Aim: a centaur The bush is unaffected.
This wand has 6 charges left.
The centaur wields a shortbow.
The centaur shoots an arrow.
The arrow hits you!
Evoke which item? (* to show all) (? for menu, Esc to quit)
Zapping:
u - a wand of cold (will waste charges)
Press: ? - help, Shift-Dir - straight line, f/p - centaur
Aim: a centaur, wielding a shortbow The bolt of cold hits the bush.
The bush is lightly damaged.
The bolt of cold misses the centaur.
Evoking this partially-identified wand wasted a few charges.
The centaur shoots an arrow.
The arrow hits you!
* * * LOW HITPOINT WARNING * * *
The centaur shoots an arrow.
The arrow hits you!
You die...

.### ##...###..##...# .#
#....#.Z.##..## ##
##.....)##...# ##...####..##
####.######...#
..######.............##
....c.................#
.PPPP..#...######....# ####
#. PcPPP@##### ###..#
#..#####..PP_PP.# #..#
###...###...PP((# ####
###..##.PPP..## ###.##
#...##################....#
##........................##
#.........<....#######.....
##.....######### ##.....
##.....## ##..#...


You could see a centaur.

Vanquished Creatures
  An ogre (D:4)
  2 hounds
  A crimson imp (D:5)
  An iguana (D:4)
  A worker ant (D:4)
  4 adders
  2 gnolls (D:4)
  An ooze (D:1)
  An adder skeleton (D:5)
  2 worms (D:4)
  A giant gecko (D:4)
  3 orcs (D:4)
  2 ball pythons (D:2)
  4 bats
  2 giant cockroaches
  2 goblins
  5 hobgoblins
  4 quokkas
  A ball python skeleton (D:5)
  5 giant newts
  6 kobolds
  2 rats
53 creatures vanquished.

Vanquished Creatures (collateral kills)
  A gnoll (D:4)
1 creature vanquished.

Vanquished Creatures (others)
  A gnoll (D:4)
  An orc (D:4)
  A quokka (D:4)
  A bush (D:5)
4 creatures vanquished.

Grand Total: 58 creatures vanquished

Notes
Turn   | Place    | Note
--------------------------------------------------------------
     0 | D:1      | M4edhros the Octopode Artificer began the quest for the Orb.
     0 | D:1      | Reached XP level 1. HP: 13/13 MP: 3/3
    68 | D:1      | Reached XP level 2. HP: 13/18 MP: 4/4
   566 | D:2      | Reached skill level 4 in Evocations
   566 | D:2      | Reached XP level 3. HP: 6/23 MP: 4/6
   955 | D:3      | Found an ancient bone altar of Kikubaaqudgha.
  1135 | D:4      | Found Wimuecrirea's Distillery.
  1136 | D:4      | Reached XP level 4. HP: 9/28 MP: 7/7
  1502 | D:4      | HP: 1/28 [worm (8)]
  1827 | D:4      | Bought a potion of mutation for 30 gold pieces
  1827 | D:4      | Gained mutation: Your spells are a little harder to cast, but a little more powerful. [potion of mutation]
  1827 | D:4      | Gained mutation: You possess an exceptional clarity of mind. [potion of mutation]
  1827 | D:4      | Gained mutation: You are robust (+10% HP). [potion of mutation]
  1851 | D:4      | Noticed an ogre
  1880 | D:4      | Killed an ogre
  1880 | D:4      | Reached skill level 5 in Stealth
  1880 | D:4      | Reached skill level 5 in Evocations
  1880 | D:4      | Reached XP level 5. HP: 36/36 MP: 7/9
  1905 | D:4      | Reached XP level 6. HP: 17/41 MP: 10/10
  2141 | D:4      | Found a white marble altar of Elyvilon.
  2340 | D:4      | Found a snail-covered altar of Cheibriados.
  2493 | D:4      | Reached skill level 6 in Stealth
  2518 | D:4      | Found a glowing silver altar of Zin.
  2638 | D:5      | Entered Level 5 of the Dungeon
  2975 | D:5      | Found a white marble altar of Elyvilon.
  3228 | D:5      | Found a blossoming altar of Fedhas.
  3322 | D:5      | Shot with an arrow by a centaur

Vault maps used:
D:1:      mainiacjoe_arrival_reflecting_pool, minmay_misc_feat_enclosed,
          minmay_misc_feat_plants
D:2:      grunt_ministairs_14, st_stairs_4, hangedman_decor_slide_cut,
          nemelex_dance_club_becter
D:3:      kiku_gazebo_garden_becter, led_sif_pool, first_bread, serial_bayou,
          serial_bayou_pond_d, serial_bayou_pond_d, serial_bayou_lake_a,
          serial_bayou_crossing, serial_bayou_pond_d
D:4:      elyvilon_altar_4, overflow_temple_1_default, zin_treasury,
          serial_shops, shop
D:5:      fedhas_bush_and_centaur_altar, lemuel_tele_altar

Action                   |  1- 3 |  4- 6 || total
-------------------------+-------+-------++-------
Melee: Short sword       |    68 |    10 ||    78
       Dagger            |       |    35 ||    35
Evoke: Wand              |     1 |    17 ||    18
  Use: Scroll            |     1 |       ||     1
       Potion            |     2 |     1 ||     3
 Stab: Sleeping          |    10 |     7 ||    17
  Eat: Chunk             |       |     4 ||     4
       Meat ration       |       |     1 ||     1
